[Event "Titled Tuesday Blitz June 29 2021"]
[White "TokChess"]
[Black "mbojan"]
[WhiteElo "2468"]
[BlackElo "2654"]
[Result "1/2-1/2"]
[Round "07"]
[TimeControl "180+1"]
[Date "2021.06.29"]
[WhiteClock "0:00:08"]
[BlackClock "0:00:07"]

1. e4 c5 2. Nf3 Nc6 3. Bb5 e6 4. O-O Nge7 5. c3 a6 6. Ba4 b5 7. Bc2 d5 8. d3 dxe4 9. dxe4 Qxd1 10. Rxd1 Bb7 11. Nbd2 Ng6 12. a4 Be7 13. Nb3 b4 14. c4 Nce5 15. Nxe5 Nxe5 16. Na5 Rb8 17. Nxb7 Rxb7 18. b3 Nc6 19. Be3 Bf6 20. Rab1 Nd4 21. Bxd4 Bxd4 22. Kf1 Ke7 23. Rd3 h5 24. h4 a5 25. Bd1 Rh6 26. f4 Rf6 27. g3 Rh6 28. e5 Rd7 29. Bf3 Rd8 30. Rbd1 Rf8 31. Kg2 Rhh8 32. Kf1 f6 33. exf6+ gxf6 34. Kg2 Kd6 35. Re1 Rfg8 36. Re2 Rg7 37. Be4 Rhg8 38. Rf3 f5 39. Bd3 Rg4 40. Kh3 R4g7 41. Bc2 Rg6 42. Bd1 Ke7 43. Rg2 Kf6 44. Rd3 Rh6 45. Bf3 Rd8 46. Re2 Rd6 47. Rd1 Kg6 48. Rde1 Kf6 49. Rd1 Kf7 50. Rde1 Rh8 51. Kg2 Kf6 52. Rd1 Kg6 53. Rde1 Re8 54. Rd1 Re7 55. Rde1 Bf6 56. Re3 Rd2+ 57. R1e2 Rxe2+ 58. Rxe2 Bd4 59. Rd2 Rh7 60. Rd3 Kf6 61. Rd2 Rh8 62. Rd3 Rh7 63. Rd2 Rg7 64. Rd3 Rh7 1/2-1/2


[Site "https://www.chess.com"]

[Event "Titled Tuesday Blitz June 29 2021"]
[White "TrahtarBelarus"]
[Black "maracayo"]
[WhiteElo "2633"]
[BlackElo "2414"]
[Result "1-0"]
[Round "07"]
[TimeControl "180+1"]
[Date "2021.06.29"]
[WhiteClock "0:01:19"]
[BlackClock "0:00:21"]

1. d4 d6 2. c4 Nf6 3. Nf3 Nbd7 4. g3 e5 5. Bg2 Be7 6. O-O O-O 7. Nc3 c6 8. Qc2 Re8 9. Rd1 Qc7 10. e4 exd4 11. Nxd4 Ne5 12. b3 Bg4 13. f3 Bd7 14. Be3 Rad8 15. Bf2 Bf8 16. Rd2 a6 17. Rad1 b5 18. cxb5 cxb5 19. Qb2 b4 20. Nce2 d5 21. Rc2 Qb7 22. exd5 Nxd5 23. h3 Nc6 24. f4 Nde7 25. Rdc1 Qb8 26. Nxc6 Nxc6 27. Bxc6 Bxc6 28. Rxc6 Qb6 29. Rxb6 1-0


[Site "https://www.chess.com"]

[Event "Titled Tuesday Blitz June 29 2021"]
[White "UKR_Master"]
[Black "HomelessSteven"]
[WhiteElo "2527"]
[BlackElo "2698"]
[Result "1-0"]
[Round "07"]
[TimeControl "180+1"]
[Date "2021.06.29"]
[WhiteClock "0:00:19"]
[BlackClock "0:00:04"]

1. e4 e5 2. Nf3 Nc6 3. Bc4 Nf6 4. d4 exd4 5. e5 d5 6. Bb5 Ne4 7. Nxd4 Bc5 8. O-O O-O 9. Nxc6 bxc6 10. Bxc6 Ba6 11. Qxd5 Bxf1 12. Bxa8 Qh4 13. g3 Bxf2+ 14. Kxf1 Qxh2 15. Qxe4 Qg1+ 16. Ke2 Qxc1 17. Kxf2 Qxb2 18. Bd5 Qxa1 19. Nd2 Qc3 20. Nf3 Kh8 21. Kg2 f5 22. Qd3 Qxd3 23. cxd3 Rd8 24. Bc4 g6 25. Ng5 Re8 26. Ne6 Re7 27. Kf3 h6 28. Kf4 Kh7 29. Nf8+ Kg7 30. Ne6+ Kh7 31. d4 c6 32. Nc5 Re8 33. e6 Kg7 34. Ke5 Rb8 35. e7 Rb1 36. Kd6 Re1 37. Be6 Kf6 38. e8=Q Kg5 39. Qe7+ Kg4 40. Bxf5+ gxf5 41. Qxe1 a5 42. Qf2 a4 43. Nd3 Kh3 44. Ne5 a3 45. Qf3 h5 46. g4+ Kh4 47. gxf5 Kg5 48. Qg3+ Kxf5 49. Qg6+ Kf4 50. Nd3+ Ke3 51. Qxh5 Kxd4 52. Kxc6 Kc3 53. Qc5+ Kd2 54. Qxa3 Kc2 55. Qb3+ Kd2 56. Nf4 Ke1 57. Qc2 Kf1 58. Qe2+ Kg1 59. Qg2# 1-0


[Site "https://www.chess.com"]

[Event "Titled Tuesday Blitz June 29 2021"]
[White "VladDobrov"]
[Black "olksuna"]
[WhiteElo "2783"]
[BlackElo "2647"]
[Result "1-0"]
[Round "07"]
[TimeControl "180+1"]
[Date "2021.06.29"]
[WhiteClock "0:01:31"]
[BlackClock "0:00:33"]

1. d4 Nf6 2. c4 g6 3. g3 Bg7 4. Bg2 O-O 5. Nc3 d6 6. Nf3 Nbd7 7. O-O e5 8. h3 Re8 9. e4 c6 10. Be3 exd4 11. Nxd4 Nc5 12. Qc2 a5 13. Rad1 a4 14. Nxc6 bxc6 15. Bxc5 Re6 16. e5 Nd7 17. Bxd6 Qb6 18. Nxa4 Qa6 19. b3 Nxe5 20. Nc5 Qxa2 21. Qxa2 Rxa2 22. Nxe6 Bxe6 23. Rfe1 f6 24. f4 Bxh3 25. Bh1 Ng4 26. Ra1 Rxa1 27. Rxa1 f5 28. Ra8+ Kf7 29. Ra7+ Ke6 30. Rxg7 Kxd6 31. Rxh7 1-0


[Site "https://www.chess.com"]

[Event "Titled Tuesday Blitz June 29 2021"]
[White "WisdomGame"]
[Black "Andrii_Prydun"]
[WhiteElo "2280"]
[BlackElo "2529"]
[Result "1-0"]
[Round "07"]
[TimeControl "180+1"]
[Date "2021.06.29"]
[WhiteClock "0:00:21"]
[BlackClock "0:00:49"]

1. e4 d5 2. exd5 Qxd5 3. Nc3 Qd6 4. d4 Nf6 5. Nf3 c6 6. Be2 Bg4 7. O-O Nbd7 8. h3 Bh5 9. Be3 e6 10. a4 a5 11. Nd2 Be7 12. Bxh5 g5 13. Nc4 Qc7 14. f4 g4 15. Bxg4 h5 16. Bf3 h4 17. Ne5 Rh7 18. Ne4 O-O-O 19. Nxd7 Nxd7 20. Qe2 Rg8 21. Ng5 Rhg7 22. Bh5 Rf8 23. c4 Bf6 24. Rac1 c5 25. d5 e5 26. Ne4 Rfg8 27. Bg4 Kb8 28. Bxd7 Qxd7 29. Nxf6 Rxg2+ 30. Qxg2 Rxg2+ 31. Kxg2 Qf5 32. fxe5 Qd3 33. Rf3 1-0


[Site "https://www.chess.com"]

[Event "Titled Tuesday Blitz June 29 2021"]
[White "azikom"]
[Black "XiaoKangZhong"]
[WhiteElo "2685"]
[BlackElo "2508"]
[Result "1-0"]
[Round "07"]
[TimeControl "180+1"]
[Date "2021.06.29"]
[WhiteClock "0:00:13"]
[BlackClock "0:00:08"]

1. d4 Nf6 2. Nf3 g6 3. c4 Bg7 4. Nc3 d5 5. Bg5 Ne4 6. Bh4 Nxc3 7. bxc3 dxc4 8. e3 c5 9. Bxc4 O-O 10. O-O Qc7 11. Rc1 Nc6 12. h3 Na5 13. Be2 b6 14. Bg3 Qd7 15. e4 Bb7 16. d5 f5 17. exf5 Qxd5 18. fxg6 hxg6 19. Qc2 Rf6 20. Rfe1 Raf8 21. Rcd1 Qc6 22. Qd3 Qc8 23. Qe3 Re6 24. Qd2 Ref6 25. Ne5 Rd6 26. Qe3 Rff6 27. Bg4 Qd8 28. Rxd6 exd6 29. Nf3 Nc4 30. Be6+ Kh8 31. Bxc4 d5 32. Bd3 Rf8 33. Bxg6 Qf6 34. Bh5 d4 35. cxd4 cxd4 36. Qe7 Qc6 37. Bg4 d3 38. Qh4+ Kg8 39. Be6+ Rf7 40. Bxf7+ Kxf7 41. Re7+ Kf8 42. Qg5 Bf6 43. Qe3 Bxe7 44. Qxd3 Qd5 45. Qe3 Qxa2 46. Kh2 Bxf3 47. Qxf3+ Qf7 48. Qa8+ Kg7 49. Qxa7 b5 50. Qb6 Qc4 51. Be5+ Kf7 52. f4 b4 53. f5 b3 54. Qg6+ Kf8 55. Bg7+ Kg8 56. Bf6+ Kf8 57. Qg7+ Ke8 1-0


[Site "https://www.chess.com"]

[Event "Titled Tuesday Blitz June 29 2021"]
[White "bazar-wokzal"]
[Black "Aradhya2000"]
[WhiteElo "2547"]
[BlackElo "2692"]
[Result "1/2-1/2"]
[Round "07"]
[TimeControl "180+1"]
[Date "2021.06.29"]
[WhiteClock "0:00:12"]
[BlackClock "0:00:03"]

1. e4 e5 2. Bc4 Nf6 3. d3 c6 4. Nf3 d5 5. Bb3 a5 6. Nc3 Bb4 7. a3 Bxc3+ 8. bxc3 O-O 9. exd5 a4 10. Ba2 cxd5 11. Nxe5 Re8 12. d4 Nc6 13. O-O Nxe5 14. dxe5 Rxe5 15. c4 Bg4 16. f3 Qb6+ 17. Kh1 Bf5 18. cxd5 Rae8 19. Rb1 Qc5 20. Rxb7 Bxc2 21. Qd2 Re2 22. Qb4 Qxb4 23. Rxb4 Bd3 24. Bc4 Bxc4 25. Rxc4 Nxd5 26. Rxa4 Ra2 27. h4 f6 28. Rd4 Nc3 29. Rd7 Ra1 30. h5 Ne2 31. Rc7 Ng3+ 32. Kg1 Nxf1 33. Kxf1 Ra2 34. h6 gxh6 35. Bxh6 Rb8 36. Rg7+ Kh8 37. Kg1 Rxa3 38. Rg4 Ra7 39. Kh2 Rf7 40. Kh3 Rg8 41. Rf4 Rg6 42. Rh4 Kg8 43. g4 f5 44. g5 Rd7 45. Ra4 Kf7 46. Kg3 Ke6 47. Kf4 Rd6 48. Ra7 Rd4+ 49. Ke3 Rh4 50. Rxh7 f4+ 51. Ke4 Rxg5 52. Bxg5 Rxh7 53. Bxf4 Ra7 54. Be5 Ra4+ 55. Bd4 Ra1 56. f4 Re1+ 57. Be3 Rb1 58. f5+ Kf7 59. Bd4 Rb5 60. Be5 Rb7 61. Bd4 Re7+ 62. Kf4 Re1 63. Be5 Ke7 64. Bd4 Rf1+ 65. Ke4 Kd6 66. Be5+ Kc6 67. Bd4 Re1+ 68. Kf4 Kd5 69. Bg7 Rg1 70. f6 Ke6 71. Ke4 Re1+ 72. Kf4 Rf1+ 73. Ke4 Kf7 74. Ke5 Ra1 75. Kd5 Ra4 76. Kd6 Ra6+ 77. Ke5 Ra7 78. Kf5 Ra5+ 79. Ke4 Ke6 80. Kf4 Ra4+ 81. Kg5 Ra7 82. Kg6 Ra1 83. Kh7 Kf7 84. Kh6 Rg1 85. Kh5 Ke6 86. Kh4 Kf7 87. Kh3 Kg6 88. Kh4 Rg2 89. Kh3 Rb2 90. Kg3 Rb3+ 91. Kf4 Rb7 92. Ke5 Rb5+ 93. Ke6 Rb2 94. Ke5 Rb6 95. Kd5 Kf7 96. Ke5 Rb5+ 97. Ke4 Rg5 98. Kf4 Rg1 99. Ke4 Ke6 100. Kf4 Rf1+ 101. Ke4 Re1+ 102. Kf4 Kd5 103. Kf5 Rf1+ 104. Kg6 Ke6 105. Kg5 Rf2 106. Kg4 Rf1 107. Kg3 Kd5 108. Kg2 Rf5 109. Kg3 Ke4 110. Kg4 Rf1 111. Kg5 Rg1+ 112. Kh6 Kf5 113. Kh7 Ke6 114. Kh6 Kf5 115. Kh7 Ke6 116. Kh6 Kf7 117. Kh5 Rg6 118. Kh4 Rg1 119. Kh5 1/2-1/2


[Site "https://www.chess.com"]

[Event "Titled Tuesday Blitz June 29 2021"]
[White "chessbia"]
[Black "JosefineHeinemann"]
[WhiteElo "2324"]
[BlackElo "2492"]
[Result "0-1"]
[Round "07"]
[TimeControl "180+1"]
[Date "2021.06.29"]
[WhiteClock "0:00:03"]
[BlackClock "0:00:06"]

1. d4 Nf6 2. c4 g6 3. Nc3 d5 4. Nf3 Bg7 5. Bf4 O-O 6. Rc1 dxc4 7. e3 Be6 8. Ng5 Bd5 9. e4 h6 10. exd5 hxg5 11. Bxg5 Nxd5 12. Bxc4 Nb6 13. Bb3 Qxd4 14. Qxd4 Bxd4 15. O-O Nc6 16. Rfe1 Bxc3 17. Rxc3 e6 18. Rh3 Kg7 19. Bh6+ Kf6 20. Bxf8 Rxf8 21. Rf3+ Ke7 22. h4 Nd4 23. Rd3 c5 24. Bd1 Nd5 25. g3 b6 26. Kg2 a5 27. a3 Kd6 28. Bf3 e5 29. Rdd1 f5 30. Bxd5 Kxd5 31. Rh1 Rh8 32. Rb1 c4 33. Rbd1 b5 34. Rd2 Kc5 35. Rhd1 Rd8 36. f4 e4 37. Kf2 b4 38. axb4+ axb4 39. Ke3 Nc2+ 40. Ke2 Nd4+ 41. Ke3 Nc2+ 42. Ke2 Nd4+ 43. Kf2 c3 44. bxc3 bxc3 45. Ra2 Rb8 46. Ra5+ Kb4 47. Rb1+ Nb3 48. Ra7 c2 49. Re1 c1=Q 50. Rxc1 Nxc1 51. Ra6 Nd3+ 52. Ke3 Kc3 53. Rxg6 Rb2 54. Rc6+ Kb4 55. h5 Rh2 56. h6 Nc5 57. Rg6 Kc4 58. Rg5 Rxh6 59. Rxf5 Rg6 60. Rg5 Rxg5 61. fxg5 Kd5 62. g6 Ke6 63. Kd4 Kf6 64. Kxc5 e3 65. g4 e2 66. g7 Kxg7 67. g5 e1=Q 68. g6 Qg3 0-1


[Site "https://www.chess.com"]

[Event "Titled Tuesday Blitz June 29 2021"]
[White "cstevens1"]
[Black "MariamiJaniashvili"]
[WhiteElo "2504"]
[BlackElo "2343"]
[Result "1-0"]
[Round "07"]
[TimeControl "180+1"]
[Date "2021.06.29"]
[WhiteClock "0:01:35"]
[BlackClock "0:00:42"]

1. e4 d5 2. exd5 Qxd5 3. Nc3 Qa5 4. Nf3 Nf6 5. Bc4 Bg4 6. O-O Nc6 7. Re1 O-O-O 8. h3 Bh5 9. g4 Nxg4 10. hxg4 Bxg4 11. Re4 Qh5 12. Be2 f5 13. Rxg4 Qxg4+ 14. Kf1 Rd6 15. Ng1 Qh4 16. Bf3 Nd4 17. Bg2 Rg6 18. Nce2 Qg4 19. Bh3 Qh5 20. Qe1 Nf3 21. Ng3 Nxe1 22. Nxh5 Nxc2 23. Bxf5+ e6 24. Bxc2 Rg5 25. Nf4 Bd6 26. d4 Rf8 27. Nxe6 1-0


[Site "https://www.chess.com"]

[Event "Titled Tuesday Blitz June 29 2021"]
[White "eduardoperalta"]
[Black "sau6on"]
[WhiteElo "2573"]
[BlackElo "2400"]
[Result "0-1"]
[Round "07"]
[TimeControl "180+1"]
[Date "2021.06.29"]
[WhiteClock "0:00:08"]
[BlackClock "0:00:21"]

1. d4 Nf6 2. Bg5 Ne4 3. Bf4 c5 4. f3 Qa5+ 5. c3 Nf6 6. e4 cxd4 7. Qxd4 Nc6 8. Qd2 d6 9. Na3 g6 10. Nc4 Qc7 11. Be3 Be6 12. Bd3 d5 13. Na3 dxe4 14. Nb5 Qd7 15. Bxe4 Nxe4 16. fxe4 Qxd2+ 17. Bxd2 O-O-O 18. Nf3 Bg7 19. Be3 a6 20. Nbd4 Bd7 21. O-O e5 22. Nb3 f6 23. Nc5 Bg4 24. Rad1 Kc7 25. Nb3 Bc8 26. Nbd2 Rhe8 27. Nc4 Rxd1 28. Rxd1 Kb8 29. Bb6 Be6 30. Nd6 Re7 31. c4 Bf8 32. c5 Rd7 33. a3 Bc4 34. b4 Be2 35. Rd2 Bxf3 36. gxf3 Nd4 37. Kf2 Bxd6 38. cxd6 Rxd6 39. Bc5 Rd7 40. Bf8 Kc7 41. Bh6 Kc6 42. Be3 Kb5 43. Rb2 Rc7 44. Bxd4 exd4 45. Ke2 Rc3 46. Rd2 Kc4 47. f4 Rxa3 48. Kf2 Rd3 49. Re2 Re3 50. Rxe3 dxe3+ 51. Kxe3 b6 52. e5 fxe5 53. fxe5 Kd5 54. Kf4 a5 55. bxa5 bxa5 56. Ke3 Kxe5 57. Kd3 Kf4 58. Kc4 Kg4 59. Kb5 Kh3 60. Kxa5 Kxh2 61. Kb4 g5 62. Kc3 g4 63. Kd2 g3 64. Ke1 g2 0-1


[Site "https://www.chess.com"]

[Event "Titled Tuesday Blitz June 29 2021"]
[White "elcandado"]
[Black "TheBigBoss04"]
[WhiteElo "2600"]
[BlackElo "2771"]
[Result "0-1"]
[Round "07"]
[TimeControl "180+1"]
[Date "2021.06.29"]
[WhiteClock "0:00:02"]
[BlackClock "0:00:08"]

1. d4 Nf6 2. Bf4 d5 3. e3 Bf5 4. c4 e6 5. Nc3 Bb4 6. Qb3 c5 7. dxc5 Na6 8. cxd5 Nxd5 9. Bb5+ Kf8 10. Bd6+ Kg8 11. Bxa6 bxa6 12. Ne2 Rc8 13. O-O Nxc3 14. Nxc3 Bxc5 15. Bxc5 Rxc5 16. Qb7 h5 17. Qxa7 Rc6 18. e4 Bg6 19. Rfd1 Rd6 20. Rxd6 Qxd6 21. Rd1 Qb4 22. Rd8+ Kh7 23. Rxh8+ Kxh8 24. Qxa6 Qxb2 25. Qc8+ Kh7 26. f3 Qc1+ 27. Kf2 Qc2+ 28. Kf1 h4 29. h3 f5 30. Qc5 fxe4 31. Nxe4 Qxa2 32. Qe5 Qb1+ 33. Kf2 Qb6+ 34. Kf1 Bf5 35. Qf4 Qb1+ 36. Kf2 Qb6+ 37. Kf1 Qd8 38. Ng5+ Kg6 39. Ne4 Qd1+ 40. Kf2 Qd4+ 41. Kf1 Bxe4 42. fxe4 Qf6 43. Qxf6+ Kxf6 44. Kf2 Ke5 45. Ke3 g6 46. Kf3 Kd4 47. Kg4 Kxe4 48. Kxh4 Kf4 49. g3+ Kf3 50. Kg5 e5 0-1


[Site "https://www.chess.com"]

[Event "Titled Tuesday Blitz June 29 2021"]
[White "emperor87"]
[Black "BigAl"]
[WhiteElo "2773"]
[BlackElo "2600"]
[Result "0-1"]
[Round "07"]
[TimeControl "180+1"]
[Date "2021.06.29"]
[WhiteClock "0:00:30"]
[BlackClock "0:00:10"]

1. e4 c6 2. d3 d5 3. Nd2 g6 4. Ngf3 Bg7 5. c3 e5 6. Qc2 Ne7 7. g3 O-O 8. Bg2 h6 9. O-O Be6 10. Re1 Nd7 11. a4 a5 12. h3 dxe4 13. dxe4 Nc5 14. Bf1 Qc7 15. b4 axb4 16. cxb4 Nd7 17. b5 Rfe8 18. Bb2 Rac8 19. Rec1 Qb8 20. Bc3 cxb5 21. axb5 f6 22. Qb2 Kh7 23. Bb4 Nb6 24. Bc5 Nd7 25. Ba7 Qd6 26. Be3 Rxc1 27. Rxc1 g5 28. Nc4 Qb8 29. Rd1 Ng6 30. Nd6 Rd8 31. Nf5 Ndf8 32. Rxd8 Qxd8 33. Nd2 Ne7 34. Nxe7 Qxe7 35. Qc2 Qd7 36. g4 Ng6 37. Bc4 Nh4 38. Bxe6 Qxe6 39. f3 Qd7 40. b6 h5 41. Kf1 hxg4 42. hxg4 Qb5+ 43. Kf2 Kg6 44. Nf1 Bf8 45. Ng3 Qa5 46. Nf5 Qa1 47. Nxh4+ gxh4 48. Kg2 Qe1 49. Bf2 h3+ 50. Kh2 Qf1 51. Bg3 Bc5 0-1


[Site "https://www.chess.com"]

[Event "Titled Tuesday Blitz June 29 2021"]
[White "erichansen"]
[Black "tdf98pantani"]
[WhiteElo "2919"]
[BlackElo "2654"]
[Result "1-0"]
[Round "07"]
[TimeControl "180+1"]
[Date "2021.06.29"]
[WhiteClock "0:00:02"]
[BlackClock "0:00:12"]

1. e4 c6 2. Nf3 d5 3. d3 Qc7 4. Be2 e5 5. Nbd2 Nf6 6. O-O Bd6 7. Re1 O-O 8. Bf1 Nbd7 9. h3 Re8 10. c3 a5 11. Qc2 a4 12. d4 dxe4 13. Nxe4 Nxe4 14. Qxe4 Nf6 15. Qh4 e4 16. Nd2 Bf5 17. Nc4 Be7 18. Bf4 Qd8 19. Bg5 h6 20. Bxf6 Bxf6 21. Qf4 Bg6 22. Ne3 Bg5 23. Qg4 Ra5 24. Rad1 f5 25. Qe2 f4 26. Nc4 Rd5 27. Ne5 Bf5 28. Qh5 Kh7 29. Bc4 f3 30. Bxd5 g6 31. Nf7 gxh5 32. Nxd8 cxd5 33. Nf7 Bf4 34. g3 Bc7 35. Ne5 h4 36. g4 Be6 37. c4 h5 38. Kh1 hxg4 39. Nxg4 Rf8 40. cxd5 Bxg4 41. hxg4 Rf4 42. Rc1 Bd6 43. Rg1 Kg6 44. Rc8 Rf7 45. Rg8+ Kh7 46. Re8 Rf4 47. Re6 Bb4 48. a3 Kg7 49. axb4 1-0


[Site "https://www.chess.com"]

[Event "Titled Tuesday Blitz June 29 2021"]
[White "esrosenberg"]
[Black "Omk124"]
[WhiteElo "2373"]
[BlackElo "2540"]
[Result "1-0"]
[Round "07"]
[TimeControl "180+1"]
[Date "2021.06.29"]
[WhiteClock "0:01:14"]
[BlackClock "0:00:45"]

1. Nf3 Nf6 2. c4 g6 3. Nc3 Bg7 4. e4 d6 5. d4 O-O 6. h3 e5 7. dxe5 dxe5 8. Qxd8 Rxd8 9. Bg5 Re8 10. Nd5 Nxd5 11. cxd5 c6 12. Bc4 cxd5 13. Bxd5 Nc6 14. O-O-O Nb4 15. Bb3 Be6 16. Bxe6 Rxe6 17. a3 Nc6 18. Rd7 b6 19. Rhd1 Nd4 20. Nxd4 exd4 21. f3 Rc6+ 22. Kb1 h5 23. Rc1 Rc5 24. Rxc5 bxc5 25. b4 c4 26. Kc2 a5 27. Rd8+ Rxd8 28. Bxd8 d3+ 29. Kd2 a4 30. f4 Bd4 31. b5 Kf8 32. b6 Bc5 33. Bc7 Ke7 34. b7 Ba7 35. b8=Q Bxb8 36. Bxb8 Kd7 37. Be5 Kc6 38. Kc3 Kc5 39. Bd4+ Kb5 40. Be3 f6 41. g4 hxg4 42. hxg4 1-0


[Site "https://www.chess.com"]

[Event "Titled Tuesday Blitz June 29 2021"]
[White "federicosellitti"]
[Black "GregShahade"]
[WhiteElo "2596"]
[BlackElo "2718"]
[Result "0-1"]
[Round "07"]
[TimeControl "180+1"]
[Date "2021.06.29"]
[WhiteClock "0:00:02"]
[BlackClock "0:02:05"]

1. e4 e5 2. Nc3 Nf6 3. f4 d5 4. fxe5 Nxe4 5. Qf3 f5 6. d3 Nxc3 7. bxc3 d4 8. Qf2 dxc3 9. Nf3 Nc6 10. Be2 Be7 11. O-O Be6 12. Qg3 O-O 13. Bh6 Rf7 14. Ng5 Bxg5 15. Bxg5 Qd4+ 16. Kh1 Qxe5 17. Qf2 f4 18. Bxf4 Raf8 19. g3 g5 20. Bxe5 Rxf2 21. Bxc3 Bd5+ 22. Kg1 Rg2+ 23. Kh1 Rxe2+ 0-1


[Site "https://www.chess.com"]

[Event "Titled Tuesday Blitz June 29 2021"]
[White "hanzo_hasashi1"]
[Black "Alexander_Zubov"]
[WhiteElo "2863"]
[BlackElo "3009"]
[Result "1/2-1/2"]
[Round "07"]
[TimeControl "180+1"]
[Date "2021.06.29"]
[WhiteClock "0:00:05"]
[BlackClock "0:00:07"]

1. e4 e5 2. Nf3 Nc6 3. Bb5 Nf6 4. O-O Nxe4 5. d4 Nd6 6. Bxc6 dxc6 7. dxe5 Nf5 8. Qxd8+ Kxd8 9. Rd1+ Ke8 10. Nc3 h6 11. h3 b6 12. b3 Bb4 13. Ne2 a5 14. Bd2 Ba3 15. c4 Bb7 16. Bc3 c5 17. Ne1 Bb4 18. Bb2 Bxe1 19. Rxe1 Ke7 20. Red1 Rhd8 21. Nc3 Nd4 22. f3 Bc6 23. Kf2 a4 24. bxa4 Bxa4 25. Rd2 Bc6 26. Rad1 Ke8 27. f4 g5 28. g3 Rd7 29. Ba1 Ra3 30. Bb2 Ra8 31. Ba1 Ke7 32. Ne2 Nxe2 33. Kxe2 Ba4 34. Rxd7+ Bxd7 35. Rd2 Bxh3 36. Ke3 Be6 37. Ke4 Ra4 38. f5 Rxc4+ 39. Kd3 Bd5 40. e6 fxe6 41. f6+ Kf7 42. Rh2 Kg6 43. Rf2 Kf7 44. Rh2 Rg4 45. Rxh6 Rxg3+ 46. Kd2 Rg2+ 47. Ke3 Rg3+ 48. Kd2 Rf3 49. Rh7+ Kg6 50. Rg7+ Kh6 51. Rxc7 g4 52. Be5 g3 53. Rg7 Rf5 54. Bxg3 Rxf6 55. Re7 Rf3 56. Bc7 b5 57. Bb6 c4 58. Ra7 Kg6 59. Bc7 c3+ 60. Ke2 b4 61. Bd6 c2 62. Rc7 Rc3 63. Rxc3 bxc3 64. Bf4 Bxa2 65. Kd3 Bb3 66. Kxc3 Ba4 67. Bc1 Kf5 68. Kd3 e5 69. Be3 Kg4 70. Ke2 Kf5 71. Bc1 Ke4 72. Kd2 Kd4 73. Bb2+ Kd5 74. Kd3 e4+ 75. Ke3 Bb5 76. Kd2 Bd3 77. Kc3 Ke5 78. Bc1 Kf5 79. Kd4 Kg4 80. Ke3 Kg3 81. Bd2 Kg2 82. Bc1 Kf1 83. Bd2 Kg1 84. Bc1 Kg2 85. Bb2 Kf1 86. Kd2 Kf2 87. Bd4+ Kf3 88. Bb2 Kf2 89. Bd4+ Kf1 90. Bb2 Bc4 91. Kxc2 e3 92. Bc3 e2 93. Bd2 e1=Q 94. Bxe1 1/2-1/2


[Site "https://www.chess.com"]

[Event "Titled Tuesday Blitz June 29 2021"]
[White "harlem4brew"]
[Black "PotapovaM"]
[WhiteElo "2404"]
[BlackElo "2603"]
[Result "1-0"]
[Round "07"]
[TimeControl "180+1"]
[Date "2021.06.29"]
[WhiteClock "0:00:22"]
[BlackClock "0:00:05"]

1. e4 c5 2. Nf3 d6 3. d4 cxd4 4. Nxd4 Nf6 5. Nc3 a6 6. a4 e5 7. Nb3 Be6 8. Be2 Be7 9. O-O O-O 10. Be3 Nc6 11. Kh1 Nb4 12. Qd2 Rc8 13. f4 exf4 14. Rxf4 d5 15. exd5 Nfxd5 16. Rd4 Bf6 17. Nxd5 Bxd4 18. Qxb4 Bxb2 19. Ne7+ Kh8 20. Rd1 Qc7 21. Nxc8 Rxc8 22. Nc5 Bf6 23. Nxe6 fxe6 24. Bd3 Qe5 25. Qe4 Qh5 26. Qxb7 Qxd1+ 27. Bg1 Rf8 28. Qb4 Rd8 29. Qe4 g6 30. Be2 Qd5 31. Qxd5 exd5 32. Bxa6 d4 33. g3 Ra8 34. Bb5 Kg7 35. Kg2 Kf7 36. Kf3 Ke6 37. Ke4 Rd8 38. a5 Ra8 39. a6 Rb8 40. Bc4+ Kd6 41. Bxd4 Re8+ 42. Kd3 Bxd4 43. Kxd4 Re1 44. Bd3 Ra1 45. Ke4 Ra4+ 46. Kf3 Ke5 47. Ke3 Ra3 48. Kf3 Ra4 49. h3 Ra3 50. Kg4 Ra5 51. Kg5 Ke6+ 52. Kh6 Kf7 53. g4 Ra1 54. h4 Rh1 55. h5 gxh5 56. gxh5 Ra1 57. Kxh7 Kf6 58. h6 Kg5 59. Kg7 Rh1 60. h7 Re1 61. h8=Q Re7+ 62. Kf8 Rc7 63. Qe5+ Kg4 64. Qxc7 Kf3 65. Qf7+ Kg2 66. a7 Kg1 67. Qg6+ Kh2 68. Qd6+ Kh1 69. a8=Q+ Kg1 70. Qg3# 1-0


[Site "https://www.chess.com"]

[Event "Titled Tuesday Blitz June 29 2021"]
[White "iceboy88"]
[Black "QuintilianoR"]
[WhiteElo "2485"]
[BlackElo "2661"]
[Result "1/2-1/2"]
[Round "07"]
[TimeControl "180+1"]
[Date "2021.06.29"]
[WhiteClock "0:00:13"]
[BlackClock "0:00:17"]

1. e4 c5 2. Nf3 d6 3. d4 cxd4 4. Nxd4 Nf6 5. Nc3 a6 6. h3 e6 7. Be3 b5 8. g4 Bb7 9. Bg2 Nfd7 10. f4 Nc6 11. O-O Be7 12. Nce2 O-O 13. c3 Nxd4 14. cxd4 Bh4 15. Qd2 Rc8 16. Rac1 e5 17. fxe5 dxe5 18. d5 h6 19. Kh2 Qe7 20. Ng3 Bxg3+ 21. Kxg3 Qd6 22. b4 Rfd8 23. a3 Qe7 24. Qf2 Rxc1 25. Rxc1 Rc8 26. Rxc8+ Bxc8 27. Qc2 Qd8 28. Qc6 Nf8 29. Bb6 Qg5 30. Bf3 Bd7 31. Qd6 h5 32. Bc5 Qf4+ 33. Kg2 Qd2+ 34. Kf1 Qd3+ 35. Kf2 Qd2+ 36. Be2 Ng6 37. Qxd7 Nf4 38. Qc8+ Kh7 39. Qf5+ Kg8 40. Qc8+ Kh7 41. Qf5+ Kg8 42. Qc8+ 1/2-1/2


[Site "https://www.chess.com"]

[Event "Titled Tuesday Blitz June 29 2021"]
[White "jcibarra"]
[Black "InitiatingASC"]
[WhiteElo "2802"]
[BlackElo "2340"]
[Result "1-0"]
[Round "07"]
[TimeControl "180+1"]
[Date "2021.06.29"]
[WhiteClock "0:00:14"]
[BlackClock "0:00:03"]

1. d4 Nf6 2. Bf4 e6 3. e3 c5 4. Nd2 cxd4 5. exd4 Be7 6. Ngf3 b6 7. Bd3 Bb7 8. O-O O-O 9. a4 a6 10. c3 d6 11. Re1 Nbd7 12. h3 Re8 13. Nc4 Qc7 14. Bg3 Qc6 15. Qe2 Nf8 16. Ne3 Ng6 17. Bh2 Nd5 18. Nxd5 Qxd5 19. Qc2 Qh5 20. Be4 Bd5 21. c4 Rac8 22. b3 Bxe4 23. Qxe4 d5 24. Qd3 dxc4 25. bxc4 Bb4 26. Re4 Red8 27. Rd1 Qa5 28. Qb3 Bf8 29. Rb1 Rc6 30. Bg3 Rdc8 31. d5 exd5 32. cxd5 Rc1+ 33. Rxc1 Rxc1+ 34. Kh2 Qc5 35. Qd3 Rc3 36. Qxa6 Qxd5 37. Re8 Qc5 38. Qa8 Ra3 39. Rd8 Qa5 40. Qb8 Rxf3 41. Bd6 1-0


[Site "https://www.chess.com"]

[Event "Titled Tuesday Blitz June 29 2021"]
[White "karinachess1"]
[Black "GianmarcoVaR"]
[WhiteElo "2545"]
[BlackElo "2681"]
[Result "0-1"]
[Round "07"]
[TimeControl "180+1"]
[Date "2021.06.29"]
[WhiteClock "0:00:05"]
[BlackClock "0:00:05"]

1. c4 Nf6 2. Nf3 e6 3. g3 d5 4. Bg2 Be7 5. O-O O-O 6. b3 c5 7. e3 Nc6 8. Bb2 d4 9. exd4 cxd4 10. d3 e5 11. Re1 Nd7 12. Nbd2 Re8 13. a3 a5 14. Rc1 Bf8 15. h3 h6 16. Nh4 Nc5 17. Ne4 Na6 18. c5 Be6 19. Kh2 Rc8 20. Qd2 Bxb3 21. Nf5 Re6 22. Nfd6 Rc7 23. f4 exf4 24. Qxf4 Bd5 25. Rf1 Bxe4 26. Nxe4 Ne5 27. Nf2 Nxc5 28. Qxd4 Rd7 29. Qc3 Ncxd3 30. Ba1 Nxc1 31. Rxc1 Nd3 32. Rf1 Nxf2 33. Rxf2 Rd3 34. Qb2 Rb6 35. Qe5 Re6 36. Qb2 Qd6 37. Bf3 Rf6 38. Kg2 Rdxf3 39. Rxf3 Qd5 40. Qe2 Rxf3 41. Qxf3 Qxf3+ 42. Kxf3 Bxa3 43. Be5 b5 44. Bc7 a4 45. Ke4 Bb2 46. Kd3 b4 47. Kc2 Bf6 48. Bd6 b3+ 49. Kb1 Kh7 50. Bc5 Kg6 51. Bd6 Kf5 52. Bc5 Ke4 53. Bd6 Kf3 54. Bc7 Kg2 55. Bd6 Kxh3 0-1


[Site "https://www.chess.com"]

[Event "Titled Tuesday Blitz June 29 2021"]
[White "kingofthenil"]
[Black "Mikhail_Bryakin"]
[WhiteElo "2614"]
[BlackElo "2765"]
[Result "1-0"]
[Round "07"]
[TimeControl "180+1"]
[Date "2021.06.29"]
[WhiteClock "0:00:49"]
[BlackClock "0:02:17"]

1. e4 d6 2. d4 g6 3. Nc3 Bg7 4. h4 h6 5. h5 g5 6. f4 gxf4 7. Bxf4 Nc6 8. Nf3 Bg4 9. d5 Ne5 10. Be2 Bxf3 11. gxf3 e6 12. Qd2 Ne7 13. O-O-O Qd7 14. Rdg1 Rh7 15. dxe6 fxe6 16. Qe3 a6 17. Rxg7 Rxg7 18. Bxe5 dxe5 19. Rd1 Qc6 20. Qxh6 Kf7 21. f4 Qd7 22. Rxd7 1-0


[Site "https://www.chess.com"]

[Event "Titled Tuesday Blitz June 29 2021"]
[White "kudesnik84"]
[Black "ElviraBerend"]
[WhiteElo "2359"]
[BlackElo "2505"]
[Result "1-0"]
[Round "07"]
[TimeControl "180+1"]
[Date "2021.06.29"]
[WhiteClock "0:00:07"]
[BlackClock "0:01:12"]

1. e4 c5 2. Nf3 e6 3. d4 cxd4 4. Nxd4 Nc6 5. Nb5 d6 6. Bf4 e5 7. Be3 Nf6 8. N1c3 a6 9. Na3 b5 10. Nd5 Be7 11. Bb6 Qd7 12. Nc7+ Kf8 13. Nxa8 Qb7 14. c4 b4 15. Nc2 Qxa8 16. Bd3 Qb7 17. Be3 h5 18. f3 h4 19. Qd2 a5 20. b3 Be6 21. Be2 Nh5 22. O-O Qc8 23. Rfd1 Nf4 24. Bxf4 exf4 25. Qxf4 Ne5 26. Qe3 h3 27. g3 Qc7 28. Nd4 Kg8 29. Nf5 Bf8 30. f4 Nc6 31. Rd3 g6 32. Nd4 Nxd4 33. Rxd4 Bg7 34. Rad1 Bxd4 35. Qxd4 Qb7 36. Bf3 a4 37. Qxd6 axb3 38. axb3 Qa7+ 39. Qd4 Qa2 40. Ra1 Qxa1+ 41. Qxa1 Kh7 42. f5 gxf5 43. exf5 Bxf5 44. g4 Bg6 45. Kf2 Re8 46. c5 Rd8 47. c6 Rd2+ 48. Kg3 Rc2 49. Kxh3 Rc3 50. Kg2 Rc2+ 51. Kg3 Rc3 52. Qd1 Be4 53. Kf4 Bxf3 54. Qxf3 Kg7 55. Qxc3+ bxc3 56. c7 1-0


[Site "https://www.chess.com"]